 Dungeon Crawl Stone Soup version 0.28-a0-691-gad6df49e81 (webtiles) character file.

Game seed: 10164359559572064296

284 RepHenryClay the Chopper (level 6, -14/56 HPs)
             Began as a Naga Fighter on Oct 21, 2021.
             Killed by divine providence
             ... invoked by an orc priest
              (16 damage)
             ... on level 4 of the Dungeon.
             The game lasted 00:05:21 (3395 turns).

RepHenryClay the Chopper (Naga Fighter)             Turns: 3395, Time: 00:05:21

Health: -14/56     AC:  7    Str: 26    XL:     6   Next: 29%
Magic:  6/6        EV:  8    Int:  9    God:
Gold:   50         SH:  4    Dex: 10    Spells: 5/5 levels left

rFire   . . .      SeeInvis +   a - +0 war axe
rCold   . . .      Faith    .   c - +0 buckler
rNeg    . . .      Spirit   .   b - +0 scale mail
rPois   +          Reflect  .   j - +2 hat
rElec   .          Harm     .   (no cloak)
rCorr   .          Rampage  .   (no gloves)
Will    .....                   (no barding)
Stlth   ..........              (no amulet)
HPRegen 0.18/turn               k - +6 ring of strength
MPRegen 0.10/turn               (no ring)

@: short of breath, very slow
A: AC +2, large, see invisible, deformed body, poison resistance, slowness 2,
spit poison 1, naga tail 1
a: Spit Poison


You were on level 4 of the Dungeon.
You visited 1 branch of the dungeon, and saw 4 of its levels.

You collected 116 gold pieces.
You spent 66 gold pieces at shops.

Inventory:

Hand Weapons
 a - a +0 war axe (weapon)
Missiles
 g - 31 poisoned darts
Armour
 b - a +0 scale mail (worn)
 c - a +0 buckler (worn)
 h - a +0 helmet
 j - a +2 hat (worn)
Jewellery
 k - a +6 ring of strength (left hand)
Scrolls
 f - a scroll of brand weapon {unknown}
 i - a scroll of magic mapping {unknown}
 m - a scroll of enchant weapon {unknown}
 o - a scroll of teleportation
 p - a scroll of acquirement {unknown}
Potions
 d - 2 potions of might
 e - a potion of ambrosia
 n - 2 potions of brilliance


   Skills:
 - Level 3.0 Fighting
 + Level 6.4 Axes
 - Level 2.4 Armour
 - Level 2.4 Shields


You had 5 spell levels left.
You didn't know any spells.
Your spell library was empty.

Dungeon Overview and Level Annotations

Branches:
Dungeon (4/15)
 Temple: D:4-7

Altars:

Shops:
D:3 *?


Innate Abilities, Weirdness & Mutations

Your serpentine skin is tough. (AC +2)
You have supernaturally acute eyesight. (SInv)
Armour fits poorly on your strangely shaped body.
Your system is resistant to poisons. (rPois)
You cover ground very slowly.
You can spit poison.
You have a snake-like lower body.


Message History

You closely miss the orc priest.
The orc priest is heavily wounded.
You have got your breath back.
The orc priest barely misses you.
You hit the orc priest but do no damage.
The orc priest is heavily wounded.
The orc priest miscasts a cantrip.
You barely miss the orc priest.
The orc priest is heavily wounded.
The orc priest invokes the aid of Beogh against you.
Pain shoots through your body!
* * * LOW HITPOINT WARNING * * *
Huge Dmg: -23%(-13hp) hp: 6%(3hp) It was a potion of lignification.
You turn into a tree.
Your +2 hat melds into your body.
Your +0 scale mail melds into your body.
Your roots penetrate the ground.
The orc priest hits you but does no damage.
It was a potion of cancellation.
Your magical effects are unravelling.
You feel magically purged.
You feel less wooden.
Your +2 hat unmelds from your body.
Your +0 scale mail unmelds from your body.
The orc priest barely misses you.
Damage: -1%(-1hp) hp: 8%(4hp)
Press: ? - help, Shift-Dir - straight line, f/p - orc priest
Aim: an orc priest, wielding a +0 club and wearing a +0 ring mail (heavily wounded)
The splash of poison hits the orc priest but does no damage.
The orc priest is poisoned.
The orc priest is heavily wounded.
The orc priest hits you with a +0 club.
* * * LOW HITPOINT WARNING * * *
Huge Dmg: -4%(-2hp) hp: 4%(2hp)
Okay, then.
You barely miss the orc priest.
The orc priest is heavily wounded.
The orc priest mumbles some strange prayers to Beogh against you.
Beogh smites you!
You die...

#######
###.....###
#)@.รท.....#
.#######o#######.#
.........#
.#######.# #.# #.#
#.# #.#######.
#..$.o..o.


You could see an orc priest (poisoned).

Vanquished Creatures
  Jessica (D:2)
  2 orc wizards
  Robin (D:3)
  7 gnolls
  4 adders
  2 worms
  3 dart slugs
  4 orcs (D:3)
  4 ball pythons
  7 bats
  2 endoplasms (D:1)
  2 giant cockroaches
  7 goblins
  4 hobgoblins
  7 jackals
  7 quokkas
  4 frilled lizards
  8 kobolds
  4 rats
80 creatures vanquished.

Vanquished Creatures (others)
  2 goblins (D:3)
2 creatures vanquished.

Grand Total: 82 creatures vanquished

Notes
Turn   | Place    | Note
-------+----------+-------------------------------------------
     0 | D:1      | RepHenryClay the Naga Fighter began the quest for the Orb.
     0 | D:1      | Reached XP level 1. HP: 21/21 MP: 1/1
   320 | D:1      | Reached XP level 2. HP: 21/28 MP: 2/2
   473 | D:1      | Reached skill level 3 in Axes
   694 | D:1      | Reached XP level 3. HP: 28/34 MP: 3/3
  1325 | D:2      | Reached skill level 4 in Axes
  1442 | D:2      | Reached XP level 4. HP: 38/42 MP: 4/4
  1493 | D:2      | Noticed Jessica
  1504 | D:2      | Killed Jessica
  1928 | D:1      | Reached skill level 5 in Axes
  1928 | D:1      | Reached XP level 5. HP: 47/49 MP: 5/5
  2018 | D:3      | Found Cirunt's Magic Scroll Shop.
  2284 | D:3      | Found a faded altar of an unknown god.
  2287 | D:3      | Bought a scroll of teleportation for 33 gold pieces
  2287 | D:3      | Bought a scroll of identify for 22 gold pieces
  2422 | D:3      | Reached skill level 6 in Axes
  2535 | D:3      | Reached XP level 6. HP: 56/56 MP: 6/6
  2742 | D:3      | Noticed Robin
  2973 | D:3      | Found Oshrepso's General Store.
  2982 | D:3      | Bought a scroll of noise for 11 gold pieces
  3016 | D:3      | Killed Robin
  3394 | D:4      | HP: 2/56 [orc priest (2)]
  3395 | D:4      | Killed from afar by an orc priest

Illustrated notes

Levels and vault maps discovered:
D:1:      evilmike_arrival_crescent, layout_loops_ring, roderic_serpentine_path
D:2:      layout_loops_ring, uniq_jessica
D:3:      layout_rooms, basic_ecumenical_altar, serial_shops,
          nicolae_lakefront_shop, shop, grunt_ministairs_13, uniq_robin
D:4:      minmay_polygon_palace, layout_loops_cross, hangedman_decor_opposing

Skill      XL: |  1  2  3  4  5 |
---------------+----------------+-----
Axes           | 3 4 5 6 |  6.4
Fighting       | |  3.0
Armour         | |  2.4
Shields        | |  2.4

Action                   |  1- 3 |  4- 6 || total
-------------------------+-------+-------++-------
Melee: War axe           |   115 |   129 ||   244
 Abil: Spit Poison       |     3 |     7 ||    10
  Use: Scroll            |       |     2 ||     2
       Potion            |       |     2 ||     2
Armor: Scale mail        |    66 |    71 ||   137
       Skin              |       |     1 ||     1
Dodge: Dodged            |    48 |    60 ||   108
Block: Buckler           |    29 |    39 ||    68

Table legend: (Time is in decaauts)
 A = Elapsed time spent in this place.
 B = Non-inter-level travel time spent in this place.
 C = Inter-level travel time spent in this place.
 D = Time resting spent in this place.
 E = Time spent auto-exploring this place.
 F = Levels seen in this place.
 G = Mean time per level.
                   A        B        C        D        E       F      G
               +--------+--------+--------+--------+--------+-----+--------+
         Total |   4142 |   4009 |    133 |    147 |   3143 |   4 | 1035.5 |
       Dungeon |   4142 |   4009 |    133 |    147 |   3143 |   4 | 1035.5 |
               +--------+--------+--------+--------+--------+-----+--------+

Top non-repeatable levels by time:
     D:2: 1530 daAuts
     D:1: 1391 daAuts
     D:3: 1138 daAuts
     D:4: 82 daAuts
